 Dungeon Crawl Stone Soup version 0.13.1 (webtiles) character file.

16029 Ouroboros the Carver (level 12, -4/92 HPs)
             Began as a Demonspawn Fighter on Nov 27, 2013.
             Was a High Priest of Okawaru.
             Slain by a cyclops (15 damage)
             ... on Level 11 of the Dungeon on Nov 29, 2013.
             The game lasted 04:49:08 (15949 turns).

Ouroboros the Carver (Demonspawn Fighter)          Turns: 15949, Time: 04:49:08

HP  -4/92        AC 20     Str 21      XL: 12   Next:  0%
MP   0/14        EV  8     Int  8      God: Okawaru [*****.]
Gold 653         SH 22     Dex 13      Spells:  4 memorised,  6 levels left

Res.Fire  : . . .   See Invis. : .   a - +2,+3 falchion (freeze)
Res.Cold  : . . .   Warding    : .   D - +2 elf scale mail
Life Prot.: . . .   Conserve   : .   c - +0 shield
Res.Poison: +       Res.Corr.  : .   w - +2 wizard hat
Res.Elec. : .       Clarity    : .   i - +2 cloak
Sust.Abil.: + .     Spirit.Shd : +   (no gloves)
Res.Mut.  : .       Stasis     : .   F - +0 pair of boots {Stlth+}
Res.Rott. : .       Flight     : .   L - amulet of the gourmand
Gourmand  : +                        p - ring of invisibility
                                     q - ring of sustain abilities {unknown}

@: about to teleport, drained, somewhat resistant to hostile enchantments,
fairly stealthy
A: antennae 2, nightstalker 1, screaming 1, magic shield, AC +4, Int -2
a: Heroism, Finesse, Renounce Religion, Evoke Invisibility


You were on level 11 of the Dungeon.
You worshipped Okawaru.
Okawaru was extremely pleased with you.
You were not hungry.

You visited 2 branches of the dungeon, and saw 13 of its levels.

You collected 633 gold pieces.

Inventory:

Hand weapons
 a - a +2,+3 falchion of freezing (weapon)
 b - the +7,+6 longbow "Koyttopruik" {flame, Str+2 Int+2}
   (Okawaru gifted it to you on level 11 of the Dungeon)

   It turns projectiles fired from it into bolts of flame.
   It affects your strength (+2).
   It affects your intelligence (+2).
 m - a +3,+1 great sword of freezing
 o - a +1,+0 orcish falchion of electrocution
 G - a +3,+3 falchion
Missiles
 x - 2 darts of dispersal
 O - 18 arrows of frost
 P - 84 arrows
 R - 2 steel javelins (quivered)
Armour
 c - a +0 shield (worn)
 i - a +2 cloak (worn)
 w - a +2 wizard hat (worn)
 D - a +2 elven scale mail (worn)
 F - a +0 pair of boots of stealth (worn)
Magical devices
 s - a wand of confusion (4)
 t - a wand of hasting (2)
 y - a wand of teleportation (6)
 C - a wand of cold (8) {unknown}
 K - a wand of flame (0)
 V - a wand of fire (5)
Comestibles
 d - 7 bread rations
 n - a meat ration
 z - 2 apples
 U - a rambutan
 X - a beef jerky
Scrolls
 e - a scroll of amnesia
 f - 4 scrolls of teleportation
 g - 3 scrolls of magic mapping
 h - 2 scrolls of remove curse
 r - a scroll of holy word
 v - 3 scrolls of recharging
 I - 3 scrolls of immolation
 M - a scroll of identify
Jewellery
 j - an uncursed amulet of resist mutation
 p - a ring of invisibility (right hand)
 q - a ring of sustain abilities (left hand) {unknown}
 L - an amulet of the gourmand (around neck)
Potions
 l - 2 potions of brilliance
 u - a potion of resistance
 B - a potion of magic
 E - 3 potions of flight
 T - a potion of agility
Books
 k - a book of Callings

   Spells                             Type                      Level
   Summon Small Mammal                Summoning                    1
   Call Imp                           Summoning                    2
   Call Canine Familiar               Summoning                    3
   Summon Scorpions                   Summoning/Poison             4
   Summon Ice Beast                   Ice/Summoning                4
 H - a book of Maledictions

   Spells                             Type                      Level
   *Corona                            Hexes                        1
   Sure Blade                         Hexes/Charms                 2
   Ensorcelled Hibernation            Hexes/Ice                    2
   Confuse                            Hexes                        3
   Enslavement                        Hexes                        4
   Invisibility                       Hexes                        6
 N - a book of Hinderance

   Spells                             Type                      Level
   *Confusing Touch                   Hexes                        1
   *Slow                              Hexes                        2
   Confuse                            Hexes                        3
   Petrify                            Transmutation/Earth          4
   Leda's Liquefaction                Hexes/Earth                  4
   Metabolic Englaciation             Hexes/Ice                    6
 Q - a book of Necromancy

   Spells                             Type                      Level
   Pain                               Necromancy                   1
   Animate Skeleton                   Necromancy                   1
   Lethal Infusion                    Charms/Necromancy            2
   Vampiric Draining                  Necromancy                   3
   Regeneration                       Charms/Necromancy            3
   Animate Dead                       Necromancy                   4
   Control Undead                     Necromancy                   4


   Skills:
 * Level 8.7(8.3) Fighting
 * Level 9.6(9.2) Long Blades
 + Level 3.9(3.5) Bows
 * Level 8.3(7.9) Armour
 + Level 7.0(6.6) Dodging
 + Level 2.4(2.1) Stealth
 + Level 7.3(6.9) Shields
 + Level 1.6(1.3) Invocations
 + Level 1.3(1.0) Evocations


You had 6 spell levels left.
You knew the following spells:

 Your Spells              Type           Power        Failure   Level  Hunger
a - Confusing Touch       Hex            #.........   97%         1    ##.....
b - Slow                  Hex            #.......     99%         2    ###....
c - Apportation           Tloc           #.........   97%         1    ##.....
d - Corona                Hex            #......      97%         1    ##.....


Dungeon Overview and Level Annotations

Branches:
Dungeon (12/27)            Temple (1/1) D:4             Orc (0/4) D:6
   Lair: D:8-13

Altars:
Ashenzari
Cheibriados
Elyvilon
Fedhas
Kikubaaqudgha
Makhleb
Nemelex Xobeh
Okawaru
Sif Muna
Trog
Vehumet
Xom
Yredelemnul
Zin
the Shining One
Beogh

Annotations:
D:6 Dowan
D:12 Erica


Innate Abilities, Weirdness & Mutations

You have a pair of antennae on your head.
You are completely covered in slimy green scales (AC +4, rPois).
You are slightly more attuned to the shadows.
When hurt, damage is shared between your health and your magic reserves.
You are dopey. (Int -2)
You occasionally shout uncontrollably.


Message History

The antennae on your head grow some more.
You feel stronger.
A wight comes into view. It is wielding a great sword.
The wight hits you with a great sword!
You feel drained.
A slime creature suddenly becomes a large slime creature.
A wight comes into view. It is wielding a great mace.
There is a stone staircase leading up here.
The wight hits you with a great sword!
A large slime creature splits.
You climb upwards.
The cyclops hits you!
* * * LOW HITPOINT WARNING * * *
There is a stone staircase leading down, spattered with blood here.
You see here a large rock.
As you read the scroll of teleportation, it crumbles to dust.
You feel strangely unstable. The cyclops completely misses you.
The wight hits you with a great sword!
* * * LOW HITPOINT WARNING * * *
Drink which item? (? for menu, Esc to quit)
Okay, then.
The cyclops hits you!
You die...

#...# ####)####
###'### ###.......#
......###.'.......#
......##..#.......#
......##.##.......#
......##.##.......#
......'..##.....z(#
......#####....)C>#
......# #.....@.#
......# #.......#
####'## ######'##
###..# #...# ....##
######[##### #####
###.....)....#
..#####.'..........#
._#.....#..........#
..#.#####<.........#


You could see a cyclops and a wight.

Vanquished Creatures
  Gastronok (D:10)
  Josephine (D:10)
  Nergalle (D:12)
  2 hill giants (D:10)
  Pikel (D:6)
  Joseph (D:8)
  A cyclops (D:11)
  Maurice (D:8)
  2 feature mimics
  Grinder (D:6)
  A troll (D:12)
  A hydra zombie (D:9)
  6 slime creatures
  3 spectral orcs (D:12)
  A griffon zombie (D:12)
  5 yaks (D:11)
  3 wolves (D:8)
  A shadow (D:11)
  2 hungry ghosts
  Grum (D:8)
  A hippogriff (D:9)
  Edmund (D:6)
  A manticore (D:11)
  A yellow wasp (D:10)
  3 sky beasts
  7 orc warriors
  3 phantoms
  An ice beast (D:10)
  7 centaurs
  5 ogres
  3 wargs (D:6)
  Duvessa (D:6)
  5 giant frogs
  Blork the orc (D:5)
  A water moccasin (D:7)
  An eye of draining (shapeshifter) (D:11)
  6 killer bees
  A cyclops skeleton (D:11)
  9 wights
  2 jellies (D:10)
  A yellow wasp zombie (D:6)
  3 goliath beetles
  7 crimson imps
  A black bear zombie (D:9)
  A centaur zombie (D:10)
  A giant frog zombie (D:11)
  2 giant frog skeletons
  7 orc priests
  6 hounds
  4 iguanas
  2 centaur skeletons
  12 orc wizards
  3 scorpions
  A troll simulacrum (D:10)
  3 worker ants
  3 sheep (D:11)
  A sky beast zombie (D:11)
  Ijyb (D:5)
  An ogre skeleton (D:11)
  A worker ant zombie (D:6)
  14 adders
  2 giant centipedes
  A worm zombie (D:2)
  A hound simulacrum (D:10)
  4 worms
  A goliath beetle zombie (D:10)
  An adder skeleton (D:6)
  A giant eyeball (D:6)
  60 orcs
  A ball python (D:1)
  16 bats
  4 giant cockroaches
  12 goblins
  13 hobgoblins
  11 jackals
  12 kobolds
  3 quokkas
  6 giant geckos
  7 giant newts
  A giant spore (D:9)
  A goblin skeleton (D:2)
  A hobgoblin skeleton (D:2)
  A hobgoblin zombie (D:2)
  2 kobold skeletons
  An orc skeleton (D:6)
  An orc zombie (D:6)
  A quokka skeleton (D:4)
  10 rats
  A rat skeleton (D:5)
  2 ballistomycetes (D:9)
349 creatures vanquished.

Vanquished Creatures (others)
  A necrophage (D:6)
  2 slaves (D:6)
  A giant gecko (D:6)
  4 orcs (D:6)
  A bat (D:6)
  A hobgoblin (D:6)
  A jackal (D:6)
11 creatures vanquished.

Grand Total: 360 creatures vanquished

Notes
Turn   | Place    | Note
--------------------------------------------------------------
     0 | D:1      | Ouroboros, the Demonspawn Fighter, began the quest for the Orb.
     0 | D:1      | Reached XP level 1. HP: 18/18 MP: 0/0
   176 | D:1      | Gained mutation: When hurt, damage is shared between your health and your magic reserves. [demonic ancestry]
   176 | D:1      | Reached XP level 2. HP: 24/24 MP: 1/1
   753 | D:2      | Reached XP level 3. HP: 20/30 MP: 2/2
  1199 | D:2      | Reached XP level 4. HP: 33/36 MP: 3/3
  1879 | D:3      | Reached skill level 1 in Dodging
  1879 | D:3      | Gained mutation: You are slightly more attuned to the shadows. [demonic ancestry]
  1879 | D:3      | Reached XP level 5. HP: 39/42 MP: 4/4
  2502 | D:3      | HP: 1/42 [orc priest/nerve-wracking pain (6)]
  2797 | D:4      | Found a staircase to the Ecumenical Temple.
  2814 | Temple   | Entered the Ecumenical Temple
  3164 | Temple   | Became a worshipper of Warmaster Okawaru
  3392 | D:4      | Upgraded the game from 0.13.0-67-g7ee5eca to 0.13.1
  3404 | D:4      | Gained mutation: You are partially covered in slimy green scales (AC +2). [demonic ancestry]
  3404 | D:4      | Reached XP level 6. HP: 14/48 MP: 1/5
  3798 | D:5      | Entered Level 5 of the Dungeon
  3858 | D:5      | Found a shattered altar of Ashenzari.
  3909 | D:5      | Reached skill level 4 in Armour
  3962 | D:5      | Found an iron altar of Okawaru.
  3989 | D:5      | Noticed Blork the orc
  4453 | D:5      | Gained mutation: You are mostly covered in slimy green scales (AC +3). [demonic ancestry]
  4453 | D:5      | Reached XP level 7. HP: 28/54 MP: 3/6
  4463 | D:5      | Acquired Okawaru's first power
  4652 | D:5      | Reached skill level 1 in Stealth
  4990 | D:5      | Noticed Ijyb
  5006 | D:5      | Killed Ijyb
  5218 | D:5      | Killed Blork the orc
  5436 | D:6      | Reached XP level 8. HP: 25/61 MP: 4/7
  5537 | D:6      | Paralysed by a giant eyeball for 2 turns
  5544 | D:6      | Paralysed by a giant eyeball for 3 turns
  5646 | D:6      | Noticed Pikel
  5674 | D:6      | Killed Pikel
  5674 | D:6      | Reached skill level 5 in Fighting
  5674 | D:6      | Reached skill level 5 in Long Blades
  5674 | D:6      | Reached skill level 5 in Shields
  5851 | D:6      | Got a heavily runed shield
  5866 | D:6      | Identified the +0 shield "Viaryde" {+Inv Acc-5} (You found it on level 6 of the Dungeon)
  5935 | D:6      | Noticed Edmund
  6061 | D:6      | Killed Edmund
  6061 | D:6      | Reached skill level 6 in Long Blades
  6061 | D:6      | Reached skill level 5 in Armour
  6158 | D:6      | Noticed Duvessa
  6450 | D:6      | Noticed Grinder
  6494 | D:6      | Killed Grinder
  6494 | D:6      | Gained mutation: You are completely covered in slimy green scales (AC +4, rPois). [demonic ancestry]
  6494 | D:6      | Reached XP level 9. HP: 43/68 MP: 6/8
  6688 | D:6      | Noticed Dowan
  6723 | D:6      | Killed Duvessa
  6940 | D:6      | Found a staircase to the Orcish Mines.
  7184 | D:6      | Learned a level 1 spell: Confusing Touch
  7187 | D:6      | Learned a level 2 spell: Slow
  7673 | D:7      | Found a sparkling altar of Nemelex Xobeh.
  7748 | D:7      | Reached skill level 1 in Bows
  7946 | D:8      | Noticed Maurice
  8498 | D:8      | Reached skill level 7 in Long Blades
  8692 | D:8      | Noticed Joseph
  8709 | D:8      | Killed Joseph
  8709 | D:8      | Reached skill level 5 in Dodging
  8777 | D:8      | Gained mutation: You have a pair of small antennae on your head. [demonic ancestry]
  8777 | D:8      | Reached XP level 10. HP: 38/76 MP: 7/9
  8813 | D:8      | Noticed Grum
  8833 | D:8      | Killed Grum
  9198 | D:8      | Killed Maurice
  9207 | D:8      | Learned a level 1 spell: Apportation
  9209 | D:8      | Learned a level 1 spell: Corona
  9510 | D:9      | Found a sparkling altar of Nemelex Xobeh.
  9514 | D:9      | Found a basalt altar of Yredelemnul.
  9522 | D:9      | Found a shimmering altar of Xom.
 10426 | D:10     | Entered Level 10 of the Dungeon
 10496 | D:10     | Noticed a hill giant
 10673 | D:10     | Reached skill level 8 in Long Blades
 10676 | D:10     | Noticed Josephine
 10725 | D:10     | Killed Josephine
 10900 | D:10     | the staircase to the Orcish Mines was a mimic.
 10998 | D:10     | Acquired Okawaru's second power
 11284 | D:10     | Killed a hill giant
 11535 | D:10     | Noticed Gastronok
 11824 | D:10     | Noticed a hill giant
 11841 | D:10     | Killed a hill giant
 11841 | D:10     | Reached XP level 11. HP: 46/83 MP: 7/11
 13159 | D:11     | Gained mutation: You occasionally shout uncontrollably. [mutagenic meat]
 13160 | D:11     | Gained mutation: You are dopey. (Int -2) [mutagenic meat]
 13816 | D:11     | Received a gift from Okawaru
 13817 | D:11     | Got a dazzling longbow {god gift}
 13983 | D:11     | Identified the longbow "Koyttopruik" {god gift, flame, Str+2 Int+2} (Okawaru gifted it to you on level 11 of the Dungeon)
 14012 | D:11     | Found a roughly hewn altar of Beogh.
 14041 | D:11     | Reached skill level 1 in Invocations
 14075 | D:11     | Reached skill level 1 in Evocations
 14348 | D:10     | Killed Gastronok
 14348 | D:10     | Reached skill level 9 in Long Blades
 14533 | D:12     | Found a frozen archway.
 14541 | D:12     | the frozen archway was a mimic.
 14594 | D:12     | Noticed Erica
 15037 | D:12     | Received a gift from Okawaru
 15400 | D:12     | Noticed Nergalle
 15460 | D:12     | Killed Nergalle
 15939 | D:12     | Gained mutation: You have a pair of antennae on your head. [demonic ancestry]
 15939 | D:12     | Reached XP level 12. HP: 43/92 MP: 10/14
 15949 | D:11     | Slain by a cyclops

Action                   |  1- 3 |  4- 6 |  7- 9 | 10-12 || total
-------------------------+-------+-------+-------+-------++-------
Melee: Falchion          |   140 |   342 |   175 |  1073 ||  1730
       Long sword        |       |       |   402 |       ||   402
       Great sword       |       |       |    29 |       ||    29
 Fire: Bow               |       |       |    41 |   211 ||   252
       Longbow           |       |       |       |    65 ||    65
Throw: Dart              |    78 |    48 |   139 |     8 ||   273
       Javelin           |       |       |    16 |    56 ||    72
Invok: Heroism           |       |       |     1 |     3 ||     4
       Finesse           |       |       |       |     1 ||     1
Evoke: Wand              |       |       |       |    16 ||    16
  Use: Potion            |       |     5 |     3 |     4 ||    12
       Scroll            |       |     7 |    10 |     7 ||    24
 Stab: Sleeping          |       |     1 |       |     1 ||     2
       Confused          |       |       |       |     3 ||     3
